Map: At Eternity's Edge LE

Players

clowN

  • Race: Zerg Zerg

A.I. 1 (Harder)

  • Race: Protoss Protoss

VOD

Have the link to the VOD?

Description

Time

  • Played on: Oct. 4, 2026, 7:19 p.m.
  • Length: 12:48
Show
View Real Time Build Order
Export as new Build Order

clowN Zerg 

Build Orders: Hatch First 

Get SALT Encoding   

  8  0:00  Drone  
  9  0:16  Overlord  
  9  0:27  Drone x2  
  11  0:35  Drone  
  12  0:41  Drone  
  13  1:09  Hatchery  
  12  1:12  Drone  
  12  1:18  Drone  
  14  1:22  Drone  
  15  1:25  Drone  
  17  1:32  Drone  
  17  1:44  Drone  
  18  1:51  Spawning Pool  
  17  1:54  Drone  
  17  1:57  Extractor  
  17  2:02  Drone  
  18  2:13  Drone  
  19  2:31  Drone  
  20  2:38  Queen x2  
  20  2:41  Overlord  
  24  2:50  Overlord  
  24  3:06  Drone x3  
  24  3:07  Drone x3  
  30  3:35  Extractor  
  30  3:38  Extractor  
  30  3:41  Extractor  
  27  3:46  Drone x6  
  33  3:56  Overlord x2  
  33  4:00  Drone x2  
  35  4:06  Drone  
  36  4:12  Drone  
  36  4:15  Hatchery  
  36  4:18  Drone  
  36  4:19  Drone  
  38  4:27  Lair  
  38  4:30  Roach Warren  
  37  4:38  Evolution Chamber  
  37  4:40  Evolution Chamber  
  37  4:43  Drone x4  
  39  4:56  Pneumatized Carapace  
  39  4:58  Drone x2  
  39  4:59  Drone x2  
  43  5:05  Drone  
  44  5:13  Drone x2  
  46  5:20  Drone x2  
  48  5:21  Drone x2  
  48  5:23  Zerg Missile Weapons Level 1  
  48  5:24  Zerg Ground Armor Level 1  
  48  5:25  Drone x3  
  53  5:28  Glial Reconstitution  
  53  5:31  Drone  
  53  5:33  Drone  
  55  5:46  Drone x4  
  55  5:47  Drone  
  55  5:49  Overlord  
  60  5:50  Overlord  
  60  6:01  Extractor  
  60  6:03  Drone  
  60  6:04  Extractor  
  59  6:11  Hatchery  
  59  6:17  Hatchery  
  57  6:23  Roach x6  
  57  6:24  Roach  
  71  6:27  Queen  
  73  7:07  Roach  
  73  7:08  Roach  
  75  7:09  Roach  
  75  7:15  Overlord x2, Roach  
  75  7:16  Overlord x4  
  65  7:28  Roach x4  
  65  7:29  Roach x4  
  77  7:38  Roach  
  77  7:39  Roach x2  
  79  7:44  Roach x3  
  69  8:06  Roach x8  
  75  8:25  Roach x6  
  75  8:26  Roach x8  
  103  8:29  Hatchery  
  102  8:42  Queen  
  102  8:43  Queen  
  102  8:46  Queen  
  108  8:54  Roach x4  
  108  8:55  Roach x4  
  124  8:57  Roach  
  124  8:59  Roach  
  128  9:25  Hatchery  
  127  9:36  Drone  
  127  9:38  Overlord x7  
  128  9:39  Overlord  
  128  9:54  Drone x3  
  128  9:55  Drone  
  128  9:57  Drone x3  
  117  10:32  Hatchery  
  117  10:33  Roach x8  
  117  10:34  Roach x7  
  117  10:35  Roach x2  
  150  10:49  Drone  
  148  10:54  Drone x4  
  148  10:55  Drone  
  143  11:37  Roach x4  
  143  11:38  Roach x7  
  143  11:39  Roach x7  
  175  12:01  Spire  
  172  12:10  Infestation Pit  
Show
View Real Time Build Order
Export as new Build Order

A.I. 1 (Harder) Protoss 

Build Orders:  

Get SALT Encoding   

  8  0:00  Probe  
  9  0:13  Probe  
  10  0:25  Probe  
  11  0:37  Probe  
  12  0:47  Pylon  
  12  0:49  Probe  
  13  1:01  Probe  
  13  1:10  Probe, Gateway  
  15  1:19  Probe  
  15  1:20  Assimilator  
  16  1:31  Probe  
  17  1:35  Pylon  
  17  1:43  Probe  
  18  1:53  Zealot  
  18  1:55  Probe  
  18  2:01  Cybernetics Core  
  21  2:08  Probe  
  22  2:15  Pylon  
  22  2:26  Gateway  
  22  2:29  Assimilator  
  22  2:34  Zealot  
  24  2:55  Stalker  
  26  3:07  Pylon  
  26  3:13  Stalker  
  26  3:14  Warp Gate  
  28  3:20  Zealot  
  30  3:40  Zealot  
  32  3:46  Pylon  
  32  3:47  Zealot  
  34  4:00  Zealot  
  36  4:14  Stalker  
  38  4:24  Stalker, Probe  
  41  4:33  Pylon  
  41  4:36  Probe  
  44  4:48  Probe  
  47  4:57  Adept, Forge  
  47  5:00  Probe  
  48  5:07  Adept  
  48  5:10  Probe  
  49  5:18  Probe, Zealot  
  51  5:26  Pylon  
  51  5:27  Probe  
  52  5:29  Zealot  
  55  6:05  Protoss Ground Weapons Level 1  
  55  6:25  Sentry  
  57  6:26  Gateway  
  57  6:27  Twilight Council  
  57  6:33  Stalker, Pylon  
  57  6:34  Nexus  
  59  6:47  Stalker  
  61  6:55  Charge, Stalker  
  63  7:09  Stalker  
  63  7:10  Robotics Facility  
  63  7:17  Sentry  
  63  7:30  Photon Cannon  
  63  7:38  Photon Cannon  
  63  7:48  Stargate  
  63  7:49  Probe  
  62  7:51  Probe  
  62  7:56  Protoss Ground Armor Level 1  
  62  7:57  Observer  
  60  8:01  Probe  
  60  8:03  Probe  
  60  8:05  Zealot  
  52  8:12  Zealot  
  52  8:13  Probe  
  52  8:15  Observer, Probe  
  53  8:21  Adept  
  53  8:25  Probe  
  54  8:28  Probe  
  54  8:29  Zealot  
  57  8:37  Zealot, Probe, Blink  
  57  8:40  Probe  
  61  8:45  Stalker  
  63  8:49  Probe  
  63  8:52  Probe, Stalker  
  67  9:00  Stalker  
  67  9:01  Probe  
  70  9:04  Probe  
  70  9:08  Stalker  
  73  9:13  Probe, Pylon  
  73  9:16  Adept, Probe  
  77  9:20  Pylon  
  77  9:25  Probe  
  77  9:26  Forge  
  78  9:42  Photon Cannon  
  78  9:43  Photon Cannon  
  78  9:57  Assimilator  
  78  9:59  Zealot  
  78  10:06  Assimilator  
  64  10:07  Stalker  
  54  10:15  Zealot  
  50  10:23  Zealot  
  50  10:27  Void Ray  
  52  10:32  Sentry  
  46  10:37  Stalker  
  36  10:45  Adept  
  30  10:54  Sentry  
  26  11:01  Nexus  
  28  11:12  Zealot  
  17  11:34  Zealot  
  6  12:13  Probe  
  7  12:25  Probe  
Tags
 
Add a new tag
Caveats
  • Supply blocks, unpowered buildings, or Contaminate may cause inaccurate times.
  • Supply counts are checked every 10 seconds.